 Dungeon Crawl Stone Soup version 0.18-a0-750-g37044d6 (webtiles) character file.

79 tof the Conjurer (level 4, -2/27 HPs)
             Began as a High Elf Conjurer on Dec 12, 2015.
             Killed from afar by Sigmund (8 damage)
             ... with a magic dart
             ... on level 3 of the Dungeon.
             The game lasted 00:17:54 (2815 turns).

tof the Conjurer (High Elf Conjurer)                Turns: 2815, Time: 00:17:54

Health: -2/27      AC:  3    Str:  7    XL:     4   Next: 17%
Magic:  7/9        EV: 13    Int: 18    God:
Gold:   127        SH:  0    Dex: 17    Spells: 2 memorised, 6 levels left

rFire  . . .     SeeInvis .     f - +2 dagger (freeze)
rCold  . . .     Clarity  .     a - +1 robe
rNeg   . . .     SustAt   .     (no shield)
rPois  .         Gourm    .     (no helmet)
rElec  .         Spirit   .     (no cloak)
rCorr  .         Dismiss  .     (no gloves)
rMut   .         Stasis   +     (no boots)
MR     .....                    l - amulet of stasis
Stlth  ++........               (no ring)
                                (no ring)

@: not resistant to hostile enchantments, unstealthy
A: no striking features
a: no special abilities


You were on level 3 of the Dungeon.
You were not hungry.

You visited 1 branch of the dungeon, and saw 3 of its levels.

You collected 127 gold pieces.

Inventory:

Hand Weapons
 e - a +0 dagger
 f - a +2 dagger of freezing (weapon)
Armour
 a - a +1 robe (worn)
Jewellery
 l - an amulet of stasis (around neck)
Scrolls
 g - 3 scrolls of identify
 h - a scroll of remove curse
Books
 b - a book of Conjurations

   Spells                             Type                      Level
   a - Magic Dart                     Conjuration                  1
   b - Searing Ray                    Conjuration                  2
   c - Dazzling Spray                 Conjuration/Hexes            3
   d - Fulminant Prism                Conjuration/Hexes            4
   e - Iskenderun's Mystic Blast      Conjuration                  4
   f - Iskenderun's Battlesphere      Conjuration/Charms           5
 j - a book of Burglary

   Spells                             Type                      Level
   a - Swiftness                      Charms/Air                   2
   b - Passwall                       Transmutation/Earth          3
   c - Passage of Golubria            Translocation                4
   d - Lee's Rapid Deconstruction     Earth                        5
   e - Darkness                       Hexes                        6
   f - Invisibility                   Hexes                        6
Comestibles
 c - 2 bread rations
 i - 3 beef jerkies


   Skills:
 + Level 0.4 Fighting
 * Level 0.8 Short Blades
 - Level 2.1 Dodging
 * Level 3.2 Stealth
 * Level 3.3 Spellcasting
 + Level 5.1 Conjurations


You had 6 spell levels left.
You knew the following spells:

 Your Spells              Type           Power        Failure   Level  Hunger
a - Magic Dart            Conj           ###.         1%          1    None
b - Searing Ray           Conj           ###...       3%          2    ##.....


Dungeon Overview and Level Annotations

Branches:
Dungeon (3/15)

Altars:
Kikubaaqudgha

Annotations:
D:3 Sigmund


Message History

Sigmund is moderately wounded.
Sigmund barely misses you.
Casting: Searing Ray
Confirm with . or Enter, or press ? or * to list all spells.
Aiming: Searing Ray
Press: ? - help, Shift-Dir - straight line, f/p - Sigmund
Aim: Sigmund, wielding a scythe and wearing a runed robe (moderately wounded)
The searing ray hits Sigmund.
Sigmund is heavily wounded.
Sigmund gestures at you while chanting. The magic dart hits you!
* * * LOW HITPOINT WARNING * * *
Sigmund casts a spell at you. You resist with some effort.
Sigmund closely misses you.
Sigmund is suddenly surrounded by pale green light.
A rat comes into view.
Sigmund points at you and mumbles some strange words.
The magic dart hits you!
You die...

#...... ... #...#
#......# #.#.##.##
#......# #.#.#..#
#......# #.#....#
.....####.###..#
.............#####
#####.#####.#........
#..r.....@..#..######
#.###@#######........
#<#.............##.
#.#######........#
#.##.............#
#.##..........#<.#
#.##.............#
#..)..........#..#
##################


You could see Sigmund and a rat.

Vanquished Creatures
  An adder (D:2)
  An ooze (D:1)
  3 worms (D:2)
  A giant gecko (D:1)
  5 bats
  10 goblins
  3 hobgoblins
  6 jackals
  2 quokkas (D:2)
  A ball python (D:3)
  2 giant cockroaches
  6 giant newts
  6 kobolds
  6 rats
53 creatures vanquished.

Notes
Turn   | Place    | Note
--------------------------------------------------------------
     0 | D:1      | tof the High Elf Conjurer began the quest for the Orb.
     0 | D:1      | Reached XP level 1. HP: 11/11 MP: 4/4
   180 | D:1      | Reached XP level 2. HP: 17/17 MP: 4/6
   184 | D:1      | Learned a level 2 spell: Searing Ray
   460 | D:1      | Reached skill level 5 in Conjurations
  1059 | D:1      | You fall through a shaft!
  1129 | D:2      | Reached XP level 3. HP: 21/21 MP: 2/8
  1791 | D:2      | Found an ancient bone altar of Kikubaaqudgha.
  2415 | D:2      | Reached XP level 4. HP: 27/27 MP: 6/9
  2787 | D:3      | Noticed Sigmund
  2815 | D:3      | Killed from afar by Sigmund

Vault maps used:
D:1:      evilmike_arrival_grusome_pit, kennysheep_small_spiral
D:2:      old_standard_altar
D:3:      tso_oasis_becter, hex_intersection, uniq_sigmund

Action                   |  1- 3 |  4- 6 || total
-------------------------+-------+-------++-------
Melee: Dagger            |    80 |     7 ||    87
       Unarmed           |     1 |       ||     1
 Cast: Magic Dart        |    35 |     5 ||    40
       Searing Ray       |    16 |     3 ||    19
  Use: Scroll            |     6 |     1 ||     7
       Potion            |     6 |     1 ||     7
 Stab: Sleeping          |     6 |       ||     6
       Distracted        |       |     1 ||     1
  Eat: Chunk             |     5 |     2 ||     7
